 Dungeon Crawl Stone Soup version 0.31.0-11-ge490571c62 (webtiles) character file.

Game seed: 2292793944904645008

24 qw the Shooter (level 2, 0/14 HPs)
             Began as a Spriggan Hunter on Feb 3, 2024.
             Slain by a gnoll
             ... wielding a +0 club
              (7 damage)
             ... on level 2 of the Dungeon.
             The game lasted 00:00:02 (723 turns).

qw the Shooter (Spriggan Hunter)                     Turns: 723, Time: 00:00:02

Health: 0/14       AC:  2    Str:  7    XL:     2   Next: 79%
Magic:  3/3        EV: 19    Int: 10    God:
Gold:   93         SH:  0    Dex: 18    Spells: 1/1 levels left

rFire   . . .        a - +0 shortbow
rCold   . . .        (shield currently unavailable)
rNeg    . . .        c - +0 robe
rPois   .            (helmet restricted)
rElec   .            (no cloak)
rCorr   .            (gloves unavailable)
SInv    +            (boots unavailable)
Will    .....        (no amulet)
Stlth   ++           (no ring)
HPRegen 0.22/turn    (no ring)
MPRegen 0.08/turn

%: no passive effects
@: very quick
A: very small, no large weapons, unfitting armour, see invisible, speed 3
a: no special abilities


You were on level 2 of the Dungeon.
You visited 1 branch of the dungeon, and saw 2 of its levels.

You collected 93 gold pieces.


Innate Abilities, Weirdness & Mutations

You are very small and have problems with some larger weapons.
You are too small for most types of armour.
You have supernaturally acute eyesight. (SInv)
You cover ground extremely quickly. (Speed+++)


   Skills:
 - Level 1.5 Fighting
 + Level 4.3 Ranged Weapons
 - Level 4.0 Dodging
 - Level 1.5 Stealth


You had one spell level left.
You didn't know any spells.
Your spell library was empty.

Inventory:

Hand Weapons
 a - a +0 shortbow (weapon)
Armour
 c - a +0 robe (worn)
Potions
 b - a potion of brilliance {unknown}

Dungeon Overview and Level Annotations

Branches:
Dungeon (2/15)

Altars:


Message History

A gnoll comes into view. It is wielding a +0 club.
The gnoll moves out of view.
A gnoll comes into view. It is wielding a +0 spear.
Enter note:
Enter note:
713 ||| RETREEEEATING.
The gnoll moves out of view.
You shoot an arrow. The arrow closely misses the bat.
The bat closely misses you.
You shoot an arrow.
The arrow hits the bat but does no damage.
The bat closely misses you.
A gnoll comes into view. It is wielding a +0 whip.
Enter note:
Enter note:
716 ||| RETREEEEATING.
You shoot an arrow. The arrow hits the bat!
You kill the bat!
You shoot an arrow. The arrow hits the gnoll.
The gnoll is heavily wounded.
You shoot an arrow. The arrow barely misses the gnoll.
The gnoll misses you.
You shoot an arrow.
The arrow hits the gnoll but does no damage.
The gnoll is moderately wounded.
The gnoll barely misses you.
You shoot an arrow. The gnoll shouts!
The arrow hits the gnoll but does no damage.
The gnoll is moderately wounded.
The gnoll hits you with a +0 club.
You shoot an arrow. The arrow hits the gnoll.
The gnoll is severely wounded.
The gnoll hits you with a +0 club!
Ouch! That really hurt!
You shoot an arrow. The arrow hits the gnoll.
The gnoll is almost dead.
The gnoll completely misses you. The gnoll hits you with a +0 club!
Ouch! That really hurt!
You die...

.# #..# ...### ###.# .#
#..####...... ..#.## .#
#..........# ..).... .#
##.........# ##.>....
.#######.#....# ##...#.#
..........(..# #......###
#######.###..###..).<..).
...........#....g..g.####
#######.##.###.@#...##
#.##.# #..##### ###.##.#
#..# #...##.###..#
#.....#.....#
#..###.###..# #..# #.#
#..# #.%# #.# #..#
...###..###.# #..#


You could see 2 gnolls.

Vanquished Creatures
  A dart slug (D:1)
  A ribbon worm (D:2)
  3 bats
  4 goblins
  A hobgoblin (D:1)
  A quokka (D:1)
  2 ball pythons
  3 frilled lizards (D:1)
  6 rats
22 creatures vanquished.

Notes
Turn   | Place    | Note
-------+----------+-------------------------------------------
     0 | D:1      | qw the Spriggan Hunter began the quest for the Orb.
     0 | D:1      | Reached XP level 1. HP: 10/10 MP: 2/2
     0 | D:1      | 0 ||| qw: Version: 0.3-a-157-g843a77d
     0 | D:1      | 0 ||| qw: Game counter: 4030
     0 | D:1      | 0 ||| qw: Melee chars always use a shield: true
     0 | D:1      | 0 ||| qw: God list: Okawaru
     0 | D:1      | 0 ||| qw: Allow faded altars: false
     0 | D:1      | 0 ||| qw: Do Orc after clearing Dungeon:15 true
     0 | D:1      | 0 ||| qw: Do second Lair branch before Depths: true
     0 | D:1      | 0 ||| qw: Lair rune preference: random
     0 | D:1      | 0 ||| qw: Goals: Normal
     0 | D:1      | 0 ||| PLANNING D:1-11
    36 | D:1      | Reached skill level 3 in Dodging
   237 | D:1      | Reached XP level 2. HP: 14/14 MP: 3/3
   491 | D:1      | 491 ||| READING scroll labelled QUUNISS ZYICS.
   491 | D:1      | 491 ||| IDENTIFYING coppery potion
   492 | D:1      | 492 ||| READING 2 scrolls labelled QADUSU LAINAE.
   593 | D:1      | 593 ||| DROPPING scroll of butterflies.
   594 | D:1      | 594 ||| DROPPING potion of attraction.
   595 | D:1      | 595 ||| DROPPING scroll of silence.
   713 | D:2      | 713 ||| RETREEEEATING.
   716 | D:2      | 716 ||| RETREEEEATING.
   723 | D:2      | Slain by a gnoll

Levels and vault maps discovered:
D:1:      amcnicky_arrival_gap_in_the_tavern_cellar, layout_rooms,
          minmay_indecisive_spiral
D:2:      minmay_angry_zag, layout_loops_ring, basic_altar, uniq_natasha

Skill      XL: |  1  2 |
---------------+-------+-----
Dodging        | 3 4 |  4.0
Fighting       | |  1.5
Ranged Weapons | |  4.3
Stealth        | |  1.5

Action                     || total
---------------------------++-------
   Fire: Shortbow          ||    62
    Use: Scroll            ||     2
 Armour: Robe              ||     9
  Dodge: Dodged            ||    24

Table legend:
 A = Non-vault XP
 B = Vault XP
 C = Vault XP percentage of total XP
 D = Non-vault monster count
 E = Vault monster count
 F = Vault count percentage of total count
                 A         B        C        D         E       F
            +---------+---------+-------+---------+---------+-------
      Total |      29 |       6 |  17.1 |      18 |       4 |  18.2
            +---------+---------+-------+---------+---------+-------
        D:1 |      19 |       6 |  24.0 |      12 |       4 |  25.0
        D:2 |      10 |       0 |   0.0 |       6 |       0 |   0.0
            +---------+---------+-------+---------+---------+-------
